 Dungeon Crawl Stone Soup version 0.16.0-11-gd45b091 (webtiles) character file.

98 maniek23 the Sneak (level 4, 0/31 HPs)
             Began as a Vampire Enchanter on Mar 17, 2015.
             Slain by Fusha's ghost (5 damage)
             ... on level 3 of the Dungeon.
             The game lasted 00:16:31 (2883 turns).

maniek23 the Sneak (Vampire Enchanter)              Turns: 2883, Time: 00:16:31

Health: 0/31       AC:  4    Str:  7    XL:     4   Next: 44%
Magic:  7/7        EV: 19    Int: 17    God:
Gold:   90         SH:  0    Dex: 15    Spells: 2 memorised, 4 levels left

rFire  . . .     SeeInvis +     s - -1 dagger (curse)
rCold  + . .     Clarity  .     b - +2 robe
rNeg   + + .     SustAb   .     (no shield)
rPois  +         Gourm    .     (no helmet)
rElec  .         Spirit   .     (no cloak)
rCorr  .         Warding  .     (no gloves)
rMut   .         Stasis   .     (no boots)
MR     .....                    (no amulet)
Stlth  ++++......               (no ring)
                                v - +6 ring of evasion

@: regenerating slowly, not resistant to hostile enchantments, stealthy
A: bottle blood, fangs 3, see invisible, unbreathing
a: Bat Form


You were on level 3 of the Dungeon.
You were thirsty.

You visited 1 branch of the dungeon, and saw 3 of its levels.

You collected 90 gold pieces.

Inventory:

Hand weapons
 a - a +1 dagger
 s - a cursed -1 dagger (weapon)
 w - a +0 dagger
 x - a +0 hunting sling
Missiles
 f - 28 poisoned needles
 l - 16 stones (quivered)
 p - a throwing net
Armour
 b - a +2 robe (worn)
 g - a +0 leather armour
 j - a +0 plate armour
Jewellery
 t - an uncursed ring of magical power {unknown}
 v - a +6 ring of evasion (left hand)
Scrolls
 i - a scroll of enchant armour
 m - a scroll of noise
 u - a scroll of identify
Potions
 d - 7 potions of blood
 e - a potion of brilliance {unknown}
 h - a potion of decay {unknown}
 k - 2 potions of curing {unknown}
 n - a potion of resistance {unknown}
 o - 3 potions of might
 q - a potion of cure mutation {unknown}
 r - a potion of poison {unknown}
Books
 c - a book of Maledictions

   Spells                             Type                      Level
   a - Corona                         Hexes                        1
   b - Sure Blade                     Hexes/Charms                 2
   c - Ensorcelled Hibernation        Hexes/Ice                    2
   d - Confuse                        Hexes                        3
   e - Dazzling Spray                 Conjuration/Hexes            3
   f - Enslavement                    Hexes                        4


   Skills:
 + Level 0.8 Fighting
 + Level 1.2 Short Blades
 + Level 2.9 Dodging
 + Level 6.2 Stealth
 + Level 2.2 Spellcasting
 + Level 5.2 Hexes


You had 4 spell levels left.
You knew the following spells:

 Your Spells              Type           Power        Failure   Level  Hunger
a - Corona                Hex            ###....      2%          1    #......
b - Ensorcelled Hibernat  Hex/Ice        ##....       12%         2    ###....


Dungeon Overview and Level Annotations

Branches:
Dungeon (3/15)

Altars:
Gozag
Zin

Annotations:
D:3 Fusha's ghost, average VSMo


Innate Abilities, Weirdness & Mutations

You heal slowly.
You can bottle blood from corpses.
You have razor-sharp teeth.
You have supernaturally acute eyesight.
You can survive without breathing.


Message History

One of your 8 potions of blood rots away.
You start resting.
HP restored.
Use which ability? (? or * to list)
Your transformation has ended.
Your cursed -1 dagger unmelds from your body.
Your +2 robe unmelds from your body.
Your +6 ring of evasion unmelds from your body.
You climb downwards.
Level annotation: Fusha's ghost, average VSMo Fusha's ghost closely misses you.
There is a stone staircase leading up here.
You miss Fusha's ghost. Fusha's ghost hits you!
You closely miss Fusha's ghost. Fusha's ghost completely misses you.
You miss Fusha's ghost.
You bite Fusha's ghost, but do no damage.
Fusha's ghost hits you!
* * * LOW HITPOINT WARNING * * *
Fusha's ghost hits you.
You die...

..# #.....)..# ####
#.# #........#
##..## #.#
#........#
###>...### #.#
#........#
#........# #.#
#........#
#........# #.#
#.....!..#
###)...### #.#
##.#.##### ##...###
#.# #.#.#
##....####@####.#.#
##.....##W##...#>.
####..##.##)####.
#...#.##W# .#
##....#..# .#
###..#.## #.)#.####
#.......# ##..###.#


You could see Fusha's ghost.

Vanquished Creatures
  2 adders (D:2)
  2 worms (D:2)
  A giant mite (D:2)
  6 giant geckos
  An ooze (D:2)
  6 bats
  2 giant cockroaches (D:1)
  6 hobgoblins
  6 jackals
  2 quokkas
  4 giant newts
  8 goblins
  5 kobolds
  A rat (D:1)
52 creatures vanquished.

Notes
Turn   | Place    | Note
--------------------------------------------------------------
     0 | D:1      | maniek23, the Vampire Enchanter, began the quest for the Orb.
     0 | D:1      | Reached XP level 1. HP: 13/13 MP: 3/3
    76 | D:1      | Reached skill level 5 in Stealth
    76 | D:1      | Reached XP level 2. HP: 11/19 MP: 4/4
    99 | D:1      | Learned a level 2 spell: Ensorcelled Hibernation
   546 | D:1      | Reached skill level 5 in Hexes
   744 | D:2      | Reached XP level 3. HP: 24/24 MP: 6/6
   906 | D:2      | HP: 1/24 [goblin/stone (7)]
  1746 | D:2      | Reached XP level 4. HP: 31/31 MP: 7/7
  1837 | D:2      | Reached skill level 6 in Stealth
  2306 | D:2      | Found an opulent altar of Gozag.
  2307 | D:2      | Found a glowing silver altar of Zin.
  2483 | D:3      | Noticed Fusha's ghost (average VSMo)
  2883 | D:3      | Slain by Fusha's ghost

Action                   |  1- 3 |  4- 6 || total
-------------------------+-------+-------++-------
Melee: Dagger            |   113 |   111 ||   224
 Cast: Ensorcelled Hiber |       |     2 ||     2
 Abil: End Transformatio |     2 |     1 ||     3
       Bat Form          |     2 |     1 ||     3
  Use: Scroll            |     5 |     1 ||     6
       Potion            |     1 |     2 ||     3
 Stab: Sleeping          |    16 |     2 ||    18
